Map: 死亡光环-天梯版

Players

iGMacSed (MacSed)

  • Race: Protoss Protoss
  • League: Master

JieShi - Winner!

  • Race: Protoss Protoss
  • League: Master

Event: DreamHack SC2 Masters 2020 Winter

VOD

Have the link to the VOD?

Description

Time

  • Played on: Oct. 29, 2020, 7:51 a.m.
  • Length: 16:32

All games in this series

Show
View Real Time Build Order
Export as new Build Order

iGMacSed Protoss 

Build Orders: Phoenix Opening 

Get SALT Encoding   

  12  0:00  Probe  
  13  0:12  Probe  
  14  0:17  Pylon  
  14  0:24  Probe (Chrono Boost)  
  16  0:36  Gateway  
  16  0:37  Probe (Chrono Boost)  
  16  0:42  Probe (Chrono Boost)  
  16  0:49  Assimilator  
  17  0:51  Probe  
  18  1:03  Probe (Chrono Boost)  
  19  1:05  Assimilator  
  19  1:09  Gateway  
  19  1:13  Probe (Chrono Boost)  
  19  1:18  Probe (Chrono Boost)  
  21  1:25  Cybernetics Core  
  21  1:30  Probe  
  22  1:35  Pylon  
  22  1:42  Probe  
  23  1:54  Probe  
  24  2:01  Warp Gate  
  24  2:02  Stalker x2  
  24  2:06  Probe  
  29  2:15  Pylon  
  29  2:18  Probe  
  30  2:34  Sentry x2  
  33  2:49  Nexus  
  33  2:52  Probe  
  34  2:59  Shield Battery  
  35  3:05  Probe  
  35  3:08  Sentry  
  35  3:10  Phoenix  
  35  3:11  Pylon  
  37  3:17  Probe  
  38  3:28  Twilight Council  
  38  3:30  Probe  
  39  3:39  Shield Battery  
  39  3:42  Probe  
  40  3:49  Adept x2  
  40  3:54  Probe  
  45  4:06  Probe  
  45  4:08  Probe  
  45  4:09  Stalker  
  49  4:10  Stalker  
  49  4:14  Blink (Chrono Boost)  
  50  4:18  Probe (Chrono Boost)  
  50  4:22  Probe (Chrono Boost)  
  52  4:30  Probe (Chrono Boost)  
  53  4:34  Stalker, Probe (Chrono Boost)  
  56  4:38  Probe (Chrono Boost)  
  56  4:43  Stalker  
  56  4:45  Probe  
  59  4:46  Probe  
  59  4:51  Pylon  
  60  4:58  Probe (Chrono Boost)  
  60  5:00  Probe (Chrono Boost)  
  60  5:02  Assimilator  
  60  5:06  Forge  
  61  5:08  Probe (Chrono Boost)  
  61  5:09  Probe (Chrono Boost)  
  61  5:13  Probe (Chrono Boost)  
  62  5:16  Robotics Facility, Probe  
  64  5:24  Probe  
  64  5:28  Probe  
  66  5:29  Gateway  
  66  5:30  Gateway  
  66  5:36  Probe  
  68  5:46  Stalker  
  70  5:50  Pylon  
  70  5:55  Nexus  
  69  5:58  Protoss Ground Weapons Level 1 (Chrono Boost)  
  69  6:00  Probe  
  69  6:01  Pylon  
  70  6:08  Probe  
  70  6:09  Observer  
  72  6:15  Probe  
  72  6:17  Stalker x2  
  77  6:20  Probe  
  77  6:24  Photon Cannon  
  78  6:25  Shield Battery  
  78  6:27  Probe  
  79  6:33  Probe  
  79  6:39  Stalker x2  
  85  6:40  Probe  
  85  6:45  Probe  
  86  6:51  Charge  
  86  6:57  Pylon x2  
  86  7:02  Pylon  
  86  7:04  Pylon x2  
  86  7:07  Pylon  
  86  7:09  Pylon  
  86  7:15  Pylon  
  86  7:23  Stalker x3, Immortal (Chrono Boost)  
  86  7:26  Pylon x2  
  86  7:28  Probe  
  86  7:29  Probe  
  96  7:31  Probe  
  95  7:40  Probe  
  95  7:41  Probe  
  97  7:44  Gateway  
  97  7:45  Gateway  
  97  7:47  Dark Shrine  
  97  7:51  Probe  
  97  7:52  Gateway  
  97  7:54  Protoss Ground Weapons Level 2 (Chrono Boost)  
  97  7:56  Gateway, Probe  
  99  8:06  Probe x2  
  99  8:14  Stalker x4  
  99  8:16  Immortal (Chrono Boost)  
  109  8:27  Gateway x2  
  105  8:38  Pylon  
  105  8:42  Zealot x6  
  105  8:46  Stalker  
  119  8:49  Observer (Chrono Boost)  
  119  8:53  Stalker  
  119  8:54  Probe  
  123  8:56  Assimilator  
  123  8:58  Assimilator  
  123  8:59  Pylon  
  123  9:02  Dark Templar x2  
  127  9:07  Stalker x2  
  131  9:10  Photon Cannon  
  131  9:13  Photon Cannon  
  131  9:16  Assimilator  
  131  9:27  Probe  
  132  9:33  Robotics Bay  
  132  9:35  Robotics Facility  
  132  9:42  Probe x2  
  132  9:48  Probe  
  132  9:50  Photon Cannon  
  133  9:52  Pylon  
  133  9:54  Probe x2  
  133  9:55  Pylon  
  133  9:56  Pylon  
  133  9:59  Nexus  
  135  10:00  Probe  
  135  10:02  Pylon  
  135  10:06  Probe  
  137  10:07  Robotics Facility  
  137  10:08  Shadow Stride  
  137  10:09  Photon Cannon  
  135  10:15  Probe x2  
  135  10:17  Disruptor (Chrono Boost)  
  140  10:22  Protoss Ground Weapons Level 3 (Chrono Boost), Gravitic Boosters  
  140  10:24  Probe  
  141  10:31  Probe  
  141  10:35  Disruptor (Chrono Boost)  
  145  10:43  Photon Cannon, Disruptor (Chrono Boost), Shield Battery  
  145  10:48  Probe  
  145  10:49  Probe  
  150  10:50  Probe  
  150  10:52  Shield Battery  
  150  10:53  Photon Cannon  
  151  10:58  Assimilator  
  151  11:01  Stalker x3  
  151  11:02  Assimilator  
  151  11:04  Disruptor  
  155  11:05  Pylon  
  156  11:13  Disruptor  
  156  11:17  Stalker  
  145  11:25  Zealot x4  
  145  11:26  Zealot x3  
  145  11:29  Disruptor  
  136  11:41  Stalker x3  
  140  11:49  Probe x2  
  140  11:52  Disruptor  
  145  11:55  Probe x2  
  145  12:00  Zealot x7  
  146  12:05  Dark Templar x2  
  136  12:09  Probe  
  136  12:12  Dark Templar  
  116  12:24  Zealot x3  
  116  12:25  Disruptor (Chrono Boost), Zealot x4  
  136  12:32  Disruptor (Chrono Boost)  
  137  12:38  Probe  
  137  12:39  Disruptor (Chrono Boost)  
  137  12:44  Shield Battery  
  138  12:45  Dark Templar x2  
  142  12:51  Zealot x2  
  142  12:55  Nexus  
  142  12:58  Disruptor (Chrono Boost), Pylon  
  146  13:01  Probe  
  146  13:02  Disruptor (Chrono Boost)  
  153  13:08  Pylon  
  153  13:09  Disruptor  
  155  13:15  Stalker  
  155  13:29  Immortal  
  157  13:37  Stalker x4  
  157  13:38  Disruptor  
  168  13:47  Disruptor  
  159  13:52  Photon Cannon  
  159  13:53  Probe  
  159  13:54  Probe  
  159  13:56  Shield Battery  
  159  13:57  Photon Cannon  
  159  14:01  Shield Battery  
  159  14:05  Dark Templar x3  
  159  14:08  Photon Cannon  
  159  14:09  Photon Cannon  
  163  14:11  Photon Cannon  
  163  14:13  Photon Cannon  
  163  14:14  Shield Battery  
  163  14:17  Shield Battery  
  163  14:18  Shield Battery  
  163  14:19  Disruptor  
  163  14:21  Pylon  
  166  14:24  Photon Cannon  
  124  14:32  Disruptor (Chrono Boost)  
  124  14:34  Zealot x7  
  124  14:36  Disruptor (Chrono Boost)  
  130  14:51  Zealot x3  
  102  15:00  Stalker x3, Zealot x3  
  102  15:01  Stalker  
  100  15:13  Stalker  
  100  15:14  Stalker x2  
  64  15:30  Stalker  
  64  15:31  Stalker x6  
  74  15:37  Disruptor  
  77  15:43  Stalker  
  77  15:49  Stalker x2  
  82  15:53  Zealot  
  75  16:06  Stalker x2  
  75  16:08  Zealot  
Show
View Real Time Build Order
Export as new Build Order

JieShi Protoss - Winner!

Build Orders: Oracle Opening, Phoenix Opening 

Get SALT Encoding   

  12  0:00  Probe  
  13  0:12  Probe  
  14  0:17  Pylon  
  14  0:25  Probe (Chrono Boost)  
  15  0:37  Gateway, Probe (Chrono Boost)  
  16  0:44  Probe (Chrono Boost)  
  16  0:47  Assimilator  
  17  0:51  Probe  
  17  0:54  Assimilator  
  18  1:03  Probe (Chrono Boost)  
  19  1:07  Gateway  
  19  1:13  Probe (Chrono Boost)  
  19  1:17  Probe (Chrono Boost)  
  20  1:25  Cybernetics Core  
  21  1:29  Probe  
  22  1:35  Pylon  
  22  1:41  Probe  
  23  1:53  Probe  
  24  2:01  Warp Gate  
  24  2:02  Stalker x2  
  28  2:09  Pylon  
  28  2:19  Shield Battery  
  28  2:32  Stargate  
  28  2:35  Adept  
  30  2:39  Adept  
  32  2:58  Nexus  
  32  3:01  Probe  
  33  3:15  Pylon, Oracle (Chrono Boost)  
  36  3:20  Probe  
  37  3:31  Shield Battery  
  37  3:32  Probe  
  38  3:44  Probe  
  38  3:46  Phoenix (Chrono Boost)  
  41  3:54  Shield Battery  
  41  3:56  Probe  
  40  4:09  Probe (Chrono Boost)  
  39  4:10  Twilight Council  
  39  4:20  Probe (Chrono Boost)  
  39  4:21  Probe (Chrono Boost)  
  41  4:30  Probe (Chrono Boost)  
  41  4:31  Probe (Chrono Boost)  
  43  4:33  Stalker x2  
  43  4:35  Probe (Chrono Boost)  
  43  4:36  Probe (Chrono Boost)  
  49  4:44  Forge  
  49  4:45  Blink  
  49  4:47  Probe  
  49  4:48  Probe  
  51  4:59  Probe  
  49  5:00  Probe  
  49  5:03  Assimilator  
  49  5:07  Stalker, Sentry  
  52  5:10  Gateway  
  52  5:11  Probe  
  52  5:12  Probe  
  56  5:16  Protoss Ground Weapons Level 1 (Chrono Boost)  
  56  5:17  Pylon  
  58  5:32  Nexus  
  56  5:39  Shield Battery  
  56  5:42  Stalker x2  
  60  5:46  Probe x2  
  62  5:53  Pylon  
  62  5:56  Gateway  
  62  6:00  Robotics Facility  
  62  6:07  Gateway, Probe x2  
  64  6:14  Stalker  
  66  6:19  Probe x2  
  66  6:23  Adept x2  
  72  6:30  Pylon  
  72  6:31  Probe x2  
  74  6:41  Pylon  
  74  6:44  Probe  
  74  6:45  Probe  
  74  6:47  Gateway  
  74  6:48  Gateway  
  74  6:49  Immortal  
  76  7:08  Sentry  
  76  7:09  Stalker x3, Sentry  
  76  7:10  Probe x2  
  76  7:11  Probe  
  89  7:17  Gateway  
  87  7:22  Probe (Chrono Boost)  
  87  7:27  Warp Prism (Chrono Boost), Probe (Chrono Boost)  
  88  7:32  Protoss Ground Weapons Level 2 (Chrono Boost)  
  88  7:33  Stalker, Probe (Chrono Boost)  
  88  7:34  Stalker, Probe (Chrono Boost)  
  96  7:38  Probe x2 (Chrono Boost)  
  96  7:40  Stalker  
  99  7:44  Photon Cannon  
  99  7:53  Stalker  
  99  7:55  Pylon  
  99  7:57  Assimilator  
  101  7:59  Assimilator  
  101  8:07  Observer  
  100  8:22  Stalker x3  
  100  8:23  Stalker  
  108  8:28  Charge (Chrono Boost)  
  108  8:31  Stalker  
  108  8:32  Stalker, Probe  
  108  8:33  Probe x2  
  109  8:37  Pylon  
  109  8:49  Pylon  
  109  8:55  Photon Cannon  
  109  8:57  Pylon  
  109  9:01  Photon Cannon, Pylon  
  109  9:02  Stalker x2  
  111  9:03  Stalker x2  
  111  9:07  Stalker  
  111  9:08  Stalker x3  
  125  9:10  Pylon  
  125  9:25  Robotics Bay  
  125  9:28  Nexus  
  124  9:33  Stalker x4  
  132  9:40  Stalker  
  133  9:50  Photon Cannon, Observer (Chrono Boost)  
  134  9:57  Pylon  
  134  9:58  Pylon  
  134  10:00  Stalker  
  134  10:01  Stalker x2, Pylon  
  140  10:13  Protoss Ground Weapons Level 3 (Chrono Boost)  
  140  10:15  Stalker x2  
  140  10:19  Pylon  
  140  10:20  Pylon  
  144  10:33  Stalker  
  144  10:34  Stalker x4  
  154  10:39  Probe  
  154  10:40  Probe x3  
  154  10:42  Shield Battery  
  158  10:45  Photon Cannon  
  158  10:52  Probe  
  158  10:56  Photon Cannon  
  159  10:58  Disruptor (Chrono Boost)  
  162  11:07  Zealot x4  
  162  11:08  Zealot  
  170  11:11  Stalker x2  
  148  11:29  Zealot x4  
  148  11:30  Disruptor (Chrono Boost), Zealot x2  
  148  11:38  Stalker x2  
  151  11:42  Probe (Chrono Boost)  
  151  11:43  Probe x2 (Chrono Boost)  
  151  11:44  Probe (Chrono Boost)  
  152  11:53  Probe (Chrono Boost)  
  153  11:54  Zealot x4  
  153  11:55  Zealot x2  
  153  11:57  Observer  
  126  12:18  Observer  
  126  12:21  Stalker x3  
  126  12:22  Stalker, Zealot  
  119  12:37  Stalker x5  
  118  12:39  Disruptor  
  118  12:42  Gateway  
  129  12:44  Probe (Chrono Boost)  
  129  12:49  Stalker x3, Gateway  
  129  12:50  Gateway  
  136  12:53  Probe (Chrono Boost)  
  136  12:56  Robotics Facility  
  137  13:06  Stalker x4  
  137  13:07  Stalker  
  147  13:13  Probe  
  147  13:14  Disruptor (Chrono Boost)  
  147  13:17  Dark Shrine  
  147  13:19  Stalker x3  
  157  13:25  Probe  
  155  13:41  Stalker x5  
  157  13:42  Stalker x2  
  165  13:51  Nexus  
  165  13:54  Pylon x2  
  165  13:56  Pylon  
  165  13:57  Pylon  
  165  14:11  Disruptor  
  165  14:12  Observer  
  165  14:15  Observer  
  168  14:21  Zealot  
  168  14:22  Zealot x2  
  174  14:28  Stalker x2  
  174  14:29  Stalker x5  
  174  14:30  Zealot  
  159  14:33  Observer  
  158  14:42  Observer  
  158  14:48  Zealot  
  158  14:49  Zealot x2  
  146  14:53  Stalker x3  
  146  14:54  Stalker  
  139  15:02  Zealot x2  
  139  15:09  Zealot x2  
  139  15:11  Observer  
  126  15:15  Stalker x2  
  126  15:25  Stalker x3  
  132  15:33  Stalker x2  
  137  15:35  Observer  
  137  15:36  Probe (Chrono Boost)  
  131  16:00  Zealot  
  131  16:01  Dark Templar, Zealot x3  
  131  16:02  Dark Templar  
Tags
 
Add a new tag
Caveats
  • Supply blocks, unpowered buildings, or Contaminate may cause inaccurate times.
  • Supply counts are checked every 10 seconds.